General information
- name: BNet
- type: Ladder team game (AT/RT)
- host: Battle.net
- saver: W33DMAN
map: DragonFalls
- players: 8
- length: 15:45
- speed: Fast
- version: 1.26 W3XP
- replay type: Public
» download(160 KB)
Players
team 1 (loser)

»
Arcanis_809 (
green | 87 APM | 1362 actions | 15:34)
3 Archmage
2 Summon Water Elemental
1 Brilliance Aura
1 Mountain King
1 Storm Bolt
» actions
| Assign group hotkey | 88 | |
| Basic commands | 9 | |
| Build / train | 74 | |
| ESC pressed | 3 | |
| Enter build submenu | 31 | |
| Enter hero's abilities submenu | 4 | |
| Right click | 685 | |
| Select / deselect | 235 | |
| Select group hotkey | 173 | |
| Use ability | 60 | |
1362 total
» units
| Peasant | 27 | |
| Footman | 7 | |
| Dragonhawk Rider | 8 | |
| Spell Breaker | 4 | |
| Gryphon Rider | 2 | |
48 total
» upgrades
| Masonry | 1 | |
| Defend | 1 | |
| Armor | 1 | |
| Swords | 1 | |
| Lumber Harvesting | 1 | |
| Storm Hammers | 1 | |
| Cloud | 1 | |
7 total
» buildings
| Farm | 9 | |
| Altar of Kings | 1 | |
| Barracks | 1 | |
| Lumber Mill | 1 | |
| Town Hall | 1 | |
| Arcane Vault | 2 | |
| Scout Tower | 8 | |
| Arcane Tower | 2 | |
| Keep | 1 | |
| Guard Tower | 5 | |
| Blacksmith | 1 | |
| Gryphon Aviary | 2 | |
| Arcane Sanctum | 1 | |
| Castle | 1 | |
36 total
» build order
00:16 Farm
00:20 Altar of Kings
00:27 Farm
00:31 Barracks
01:23 Lumber Mill
02:02 Farm
02:46 Farm
03:55 Town Hall
04:05 Arcane Vault
05:22 Scout Tower
05:52 Arcane Tower
06:04 Keep
06:06 Scout Tower
06:10 Scout Tower
06:18 Scout Tower
06:19 Scout Tower
06:23 Scout Tower
06:29 Scout Tower
06:40 Arcane Tower
06:43 Guard Tower
06:49 Scout Tower
06:55 Guard Tower
06:55 Guard Tower
07:01 Blacksmith
07:12 Guard Tower
07:26 Guard Tower
08:41 Gryphon Aviary
08:45 Gryphon Aviary
09:49 Farm
09:51 Farm
09:53 Farm
10:35 Farm
11:06 Arcane Sanctum
12:09 Castle
13:06 Arcane Vault
13:55 Farm
» items
| Scroll of Regeneration | 1 | |
| Scroll of Town Portal | 2 | |
| Potion of Healing | 1 | |
4 total
NaCHO.viDaL (
orange | 75 APM | 1179 actions | 15:42)
3 Death Knight
2 Death Coil
1 Unholy Aura
1 Lich
1 Frost Nova
» actions
| Assign group hotkey | 14 | |
| Basic commands | 141 | |
| Build / train | 66 | |
| Enter build submenu | 20 | |
| Enter hero's abilities submenu | 4 | |
| Give item / drop item | 2 | |
| Right click | 249 | |
| Select / deselect | 313 | |
| Select group hotkey | 307 | |
| Use ability | 63 | |
1179 total
» units
| Acolyte | 6 | |
| Ghoul | 3 | |
| Crypt Fiend | 7 | |
| Frost Wyrm | 2 | |
18 total
» upgrades
| Creature Attack | 2 | |
| Creature Carapace | 2 | |
| Ghoul Frenzy | 1 | |
| Web | 1 | |
6 total
» buildings
| Crypt | 1 | |
| Graveyard | 1 | |
| Altar of Darkness | 1 | |
| Ziggurat | 5 | |
| Tomb of Relics | 1 | |
| Nerubian Tower | 6 | |
| Halls of the Dead | 2 | |
| Spirit Tower | 7 | |
| Black Citadel | 5 | |
| Sacrificial Pit | 1 | |
| Boneyard | 4 | |
34 total
» build order
00:11 Crypt
00:19 Graveyard
00:50 Altar of Darkness
01:01 Ziggurat
02:03 Ziggurat
02:08 Tomb of Relics
02:13 Nerubian Tower
02:14 Nerubian Tower
02:14 Nerubian Tower
04:34 Nerubian Tower
05:11 Halls of the Dead
05:11 Halls of the Dead
05:26 Ziggurat
06:34 Spirit Tower
07:36 Black Citadel
07:37 Black Citadel
08:58 Sacrificial Pit
09:20 Ziggurat
10:29 Boneyard
10:32 Boneyard
11:16 Spirit Tower
11:28 Ziggurat
12:21 Spirit Tower
12:21 Spirit Tower
13:50 Boneyard
» items
| Rod of Necromancy | 1 | |
| Sacrificial Skull | 1 | |
| Dust of Appearance | 2 | |
| Lesser Clarity Potion | 1 | |
| Scroll of Healing | 1 | |
| Scroll of Town Portal | 1 | |
| Orb of Corruption | 1 | |
8 total

»
Re-Cocca (
purple | 80 APM | 1256 actions | 15:38)
3 Priestess of the Moon
1 Searing Arrows
2 Trueshot Aura
2 Naga Sea Witch
1 Frost Arrows
1 Forked Lightning
» actions
| Assign group hotkey | 36 | |
| Basic commands | 107 | |
| Build / train | 68 | |
| Enter build submenu | 26 | |
| Enter hero's abilities submenu | 5 | |
| Right click | 357 | |
| Select / deselect | 294 | |
| Select group hotkey | 316 | |
| Use ability | 47 | |
1256 total
» units
» upgrades
| Ultravision | 1 | |
| Strength of the Moon | 1 | |
| Moon Armor | 2 | |
| Improved Bows | 1 | |
5 total
» buildings
| Moon Well | 4 | |
| Altar of Elders | 1 | |
| Hunter's Hall | 1 | |
| Ancient of War | 4 | |
| Tree of Life | 1 | |
| Ancient Protector | 12 | |
| Tree of Ages | 1 | |
| Ancient of Wonders | 2 | |
26 total
» build order
00:19 Moon Well
00:50 Altar of Elders
01:40 Hunter's Hall
01:43 Moon Well
01:55 Moon Well
02:07 Moon Well
02:41 Ancient of War
02:46 Ancient of War
06:01 Tree of Life
06:08 Ancient Protector
06:21 Ancient Protector
06:34 Ancient Protector
07:09 Tree of Ages
10:27 Ancient Protector
10:28 Ancient Protector
10:55 Ancient Protector
10:57 Ancient of Wonders
13:37 Ancient of War
13:38 Ancient of War
13:40 Ancient Protector
13:41 Ancient Protector
13:43 Ancient Protector
13:45 Ancient Protector
13:48 Ancient Protector
13:50 Ancient Protector
14:02 Ancient of Wonders
» items

»
Redskins (
pink | 40 APM | 628 actions | 15:38)
2 Death Knight
1 Death Coil
1 Unholy Aura
» actions
| Assign group hotkey | 28 | |
| Basic commands | 11 | |
| Build / train | 71 | |
| Enter build submenu | 16 | |
| Enter hero's abilities submenu | 2 | |
| Remove unit from queue | 2 | |
| Right click | 209 | |
| Select / deselect | 172 | |
| Select group hotkey | 67 | |
| Use ability | 50 | |
628 total
» units
| Acolyte | 8 | |
| Ghoul | 16 | |
| Crypt Fiend | 7 | |
| Frost Wyrm | 1 | |
32 total
» upgrades
| Cannibalize | 1 | |
| Creature Attack | 1 | |
| Creature Carapace | 1 | |
| Web | 1 | |
| Ghoul Frenzy | 1 | |
5 total
» buildings
| Crypt | 2 | |
| Altar of Darkness | 1 | |
| Ziggurat | 6 | |
| Nerubian Tower | 2 | |
| Tomb of Relics | 1 | |
| Halls of the Dead | 5 | |
| Graveyard | 1 | |
| Sacrificial Pit | 1 | |
| Black Citadel | 4 | |
| Boneyard | 2 | |
| Spirit Tower | 1 | |
26 total
» build order
00:10 Crypt
00:14 Altar of Darkness
00:36 Ziggurat
01:05 Ziggurat
01:40 Nerubian Tower
01:40 Nerubian Tower
01:55 Tomb of Relics
02:57 Ziggurat
03:12 Halls of the Dead
03:12 Halls of the Dead
03:13 Halls of the Dead
04:40 Graveyard
04:51 Crypt
05:51 Ziggurat
05:54 Sacrificial Pit
06:50 Black Citadel
06:50 Black Citadel
11:04 Boneyard
11:25 Boneyard
11:30 Ziggurat
11:46 Ziggurat
14:25 Spirit Tower
» items
| Rod of Necromancy | 1 | |
| Orb of Corruption | 1 | |
| Potion of Mana | 1 | |
| Scroll of Town Portal | 2 | |
| Potion of Healing | 3 | |
| Dust of Appearance | 1 | |
9 total
team 2 (winner)
W33DMAN (
red | 206 APM | 3240 actions | 15:45)
6 Archmage
3 Summon Water Elemental
2 Brilliance Aura
1 Mass Teleport
3 Paladin
2 Holy Light
1 Divine Shield
» actions
| Assign group hotkey | 40 | |
| Basic commands | 117 | |
| Build / train | 97 | |
| ESC pressed | 3 | |
| Enter build submenu | 22 | |
| Enter hero's abilities submenu | 10 | |
| Give item / drop item | 3 | |
| Remove unit from queue | 1 | |
| Right click | 1323 | |
| Select / deselect | 397 | |
| Select group hotkey | 1146 | |
| Use ability | 81 | |
3240 total
» units
| Peasant | 19 | |
| Footman | 10 | |
| Rifleman | 17 | |
| Siege Engine | 4 | |
50 total
» upgrades
| Masonry | 1 | |
| Gunpowder | 3 | |
| Armor | 3 | |
| Long Rifles | 1 | |
| Barrage | 1 | |
| Plating | 1 | |
10 total
» buildings
| Altar of Kings | 1 | |
| Barracks | 2 | |
| Farm | 11 | |
| Town Hall | 1 | |
| Blacksmith | 1 | |
| Lumber Mill | 1 | |
| Keep | 4 | |
| Arcane Vault | 1 | |
| Castle | 1 | |
| Workshop | 2 | |
25 total
» build order
00:06 Altar of Kings
00:18 Barracks
00:24 Farm
01:04 Farm
01:47 Farm
02:51 Farm
03:13 Town Hall
04:32 Blacksmith
04:44 Barracks
04:48 Lumber Mill
05:59 Keep
05:59 Keep
05:59 Keep
06:18 Arcane Vault
06:36 Farm
06:38 Farm
07:03 Farm
07:18 Farm
08:32 Farm
09:49 Castle
09:52 Workshop
10:22 Farm
11:08 Workshop
13:05 Farm
» items
| Scroll of Regeneration | 3 | |
| Scroll of Town Portal | 2 | |
| Potion of Healing | 2 | |
7 total
holy_goalie (
yellow | 47 APM | 746 actions | 15:43)
3 Blademaster
1 Wind Walk
2 Critical Strike
2 Shadow Hunter
1 Healing Wave
1 Hex
» actions
| Basic commands | 12 | |
| Build / train | 44 | |
| Enter build submenu | 10 | |
| Enter hero's abilities submenu | 5 | |
| Right click | 426 | |
| Select / deselect | 200 | |
| Use ability | 49 | |
746 total
» units
| Peon | 12 | |
| Wind Rider | 6 | |
| Troll Batrider | 2 | |
20 total
» upgrades
| Armor | 2 | |
| Ranged Weapons | 2 | |
| Liquid Fire | 1 | |
| Reinforced Defenses | 1 | |
| Envenomed Spears | 1 | |
7 total
» buildings
| Altar of Storms | 1 | |
| Orc Burrow | 4 | |
| Voodoo Lounge | 1 | |
| Stronghold | 2 | |
| War Mill | 1 | |
| Beastiary | 3 | |
| Fortress | 1 | |
13 total
» build order
00:08 Altar of Storms
00:21 Orc Burrow
01:36 Voodoo Lounge
01:53 Stronghold
01:54 Stronghold
02:02 War Mill
02:26 Orc Burrow
02:35 Orc Burrow
04:32 Beastiary
04:39 Beastiary
04:41 Beastiary
04:49 Orc Burrow
07:58 Fortress
» items
| Healing Salve | 3 | |
| Scroll of Town Portal | 2 | |
| Orb of Lightning | 1 | |
| Lesser Clarity Potion | 1 | |
7 total

»
ZhongGuoRen (
teal | 110 APM | 1722 actions | 15:43)
4 Priestess of the Moon
2 Trueshot Aura
2 Scout
2 Keeper of the Grove
1 Entangling Roots
1 Thorns Aura
» actions
| Assign group hotkey | 34 | |
| Basic commands | 93 | |
| Build / train | 92 | |
| ESC pressed | 1 | |
| Enter build submenu | 18 | |
| Enter hero's abilities submenu | 6 | |
| Give item / drop item | 7 | |
| Right click | 741 | |
| Select / deselect | 292 | |
| Select group hotkey | 383 | |
| Use ability | 55 | |
1722 total
» units
| Wisp | 27 | |
| Archer | 15 | |
| Druid of the Talon | 6 | |
| Chimaera | 1 | |
49 total
» upgrades
| Strength of the Moon | 3 | |
| Improved Bows | 1 | |
| Druid of the Talon Training | 2 | |
| Moon Armor | 1 | |
| Marksmanship | 1 | |
| Strength of the Wild | 1 | |
9 total
» buildings
| Altar of Elders | 1 | |
| Moon Well | 6 | |
| Ancient of War | 2 | |
| Tree of Life | 2 | |
| Tree of Ages | 2 | |
| Hunter's Hall | 1 | |
| Ancient of Wind | 2 | |
| Tree of Eternity | 1 | |
| Ancient of Wonders | 1 | |
| Chimaera Roost | 1 | |
19 total
» build order
00:06 Altar of Elders
00:19 Moon Well
00:35 Ancient of War
01:29 Moon Well
01:54 Ancient of War
02:44 Moon Well
04:17 Tree of Life
04:49 Tree of Ages
04:51 Hunter's Hall
05:10 Moon Well
07:42 Ancient of Wind
07:44 Ancient of Wind
09:12 Moon Well
09:33 Tree of Eternity
10:04 Ancient of Wonders
10:32 Tree of Life
12:21 Moon Well
14:12 Chimaera Roost
» items
| Healing Salve | 1 | |
| Scroll of Speed | 1 | |
| Scroll of Town Portal | 4 | |
| Scroll of Healing | 2 | |
| Potion of Lesser Invulnerability | 1 | |
| Orb of Venom | 1 | |
| Anti-magic Potion | 2 | |
| Staff of Preservation | 1 | |
| Potion of Healing | 1 | |
14 total

»
Dario_Pls (
blue | 102 APM | 1601 actions | 15:43)
4 Blademaster
2 Wind Walk
2 Critical Strike
1 Tauren Chieftain
1 Endurance Aura
» actions
| Assign group hotkey | 12 | |
| Basic commands | 69 | |
| Build / train | 68 | |
| ESC pressed | 2 | |
| Enter build submenu | 13 | |
| Enter hero's abilities submenu | 5 | |
| Give item / drop item | 5 | |
| Right click | 696 | |
| Select / deselect | 142 | |
| Select group hotkey | 529 | |
| Use ability | 59 | |
1601 total
» units
| Peon | 18 | |
| Grunt | 3 | |
| Goblin Shredder | 1 | |
| Goblin Zeppelin | 1 | |
| Shaman | 2 | |
| Tauren | 4 | |
| Spirit Walker | 2 | |
31 total
» upgrades
| Spirit Walker Training | 3 | |
| Shaman Training | 2 | |
| Armor | 3 | |
| Pulverize | 1 | |
| Melee Weapons | 1 | |
10 total
» buildings
| Altar of Storms | 1 | |
| Orc Burrow | 8 | |
| Voodoo Lounge | 1 | |
| Barracks | 1 | |
| War Mill | 1 | |
| Great Hall | 1 | |
| Stronghold | 2 | |
| Fortress | 1 | |
| Spirit Lodge | 2 | |
| Tauren Totem | 2 | |
20 total
» build order
00:07 Altar of Storms
00:11 Orc Burrow
00:17 Voodoo Lounge
01:25 Barracks
01:47 Orc Burrow
02:10 War Mill
03:15 Orc Burrow
04:39 Great Hall
05:01 Stronghold
05:46 Orc Burrow
07:23 Fortress
07:37 Spirit Lodge
07:38 Spirit Lodge
09:15 Orc Burrow
09:53 Tauren Totem
15:19 Orc Burrow
15:19 Orc Burrow
» items
| Healing Salve | 2 | |
| Lesser Clarity Potion | 3 | |
| Potion of Mana | 1 | |
| Boots of Speed | 1 | |
| Orb of Lightning | 1 | |
| Scroll of Town Portal | 1 | |
| Potion of Healing | 2 | |
| Circlet of Nobility | 2 | |
| Scroll of Healing | 1 | |
| Scroll of Protection | 1 | |
15 total
Chat log
(00:05 / Allies) holy_goalie: fast air
(00:13 / Allies) W33DMAN: rifle mort tank
(00:18 / Allies) Dario_Pls: tauren
(00:23 / Allies) ZhongGuoRen: archer dott
(00:24 / Allies) ZhongGuoRen: maybe chim
(00:26 / Allies) holy_goalie: win
(00:29 / Allies) W33DMAN: perfect
(00:34 / Allies) W33DMAN: ill get breakers if needed
(00:35 / Allies) Dario_Pls: dont splash my shit with chim plz
(00:36 / Allies) holy_goalie: dont even need to play
(00:40 / Allies) ZhongGuoRen: chim splashes?
(00:41 / Allies) ZhongGuoRen: lol
(00:49 / Allies) Dario_Pls: chim rapes allied melee
(00:55 / Allies) ZhongGuoRen: thought it was just the lev 10 dragon
(00:56 / Allies) ZhongGuoRen: oh
(01:07 / Allies) Dario_Pls: its like a flying starcraft siege tank
(01:16 / Allies) ZhongGuoRen: ok ill just click heros and halls then
(01:26 / Allies) ZhongGuoRen: yellow can i take that expo
(01:32 / Allies) W33DMAN: blue im gonna creep the expo asap
(01:38 / Allies) Dario_Pls: k take it
(01:40 / Allies) W33DMAN: join if you want
(01:40 / Allies) ZhongGuoRen: k
(02:10 / All) holy_goalie: guys do we even need to play this out?
(02:17 / All) holy_goalie: we are going to win easy
(02:22 / All) holy_goalie: lets just move on to the next one
(02:23 / Allies) ZhongGuoRen: lol
(03:31 / Allies) Dario_Pls: come after
(03:53 / Allies) Dario_Pls: come red
(03:59 / Allies) W33DMAN: k
(04:23 / Allies) Dario_Pls: gimme agi item pls
(05:35 / Allies) Dario_Pls: gonna rape green
(05:36 / Allies) Dario_Pls: coming
(05:51 / Allies) holy_goalie: go
(05:52 / Allies) Dario_Pls: go to green
(06:14 / Allies) holy_goalie: teal
(06:15 / Allies) holy_goalie: come
(06:45 / Allies) holy_goalie: dude go
(07:09 / Allies) Dario_Pls: fuck they all got me
(07:24 / Allies) holy_goalie: b
(08:13 / Allies) holy_goalie: go red
(08:15 / Allies) W33DMAN: k
(09:09 / Allies) Dario_Pls: sec
(10:37 / Allies) Dario_Pls: wood plz
(10:52 / Allies) Dario_Pls: wood plz
(11:05 / Allies) Dario_Pls: plz wood
(12:02 / Allies) holy_goalie: blue spend ur fucking gold so we can win
(12:08 / Allies) Dario_Pls: dont worry
(12:58 / Allies) ZhongGuoRen: wood if anyone has
(13:39 / Allies) Dario_Pls: coming
(13:41 / Allies) W33DMAN: go again
(13:41 / Allies) W33DMAN: yeah
(15:20 / Allies) holy_goalie: b
(15:28 / Allies) Dario_Pls: we raped here
(15:30 / Allies) W33DMAN: lol
(15:30 / Allies) Dario_Pls: pink is done
(15:33 / Allies) W33DMAN: so is purp
(15:38 / All) Dario_Pls: GG